 Dungeon Crawl Stone Soup version 0.24-a0-290-gbb66a672fa (webtiles) character file.

Game seed: 13469470130618489407

24 Redear the Skirmisher (level 2, 0/24 HPs)
             Began as a Demonspawn Chaos Knight on May 8, 2019.
             Was a Plaything of Xom.
             Slain by a river rat (3 damage)
             ... on level 1 of the Dungeon.
             The game lasted 00:02:42 (638 turns).

Redear the Skirmisher (Demonspawn Chaos Knight)      Turns: 638, Time: 00:02:43

Health: 0/24       AC:  5    Str: 12    XL:     2   Next: 79%
Magic:  2/2        EV: 17    Int: 13    God:    Xom [*.....]
Gold:   63         SH:  0    Dex: 17    Spells: 1/1 levels left

rFire    . . .     SeeInvis .   m - +0 dagger
rCold    . . .     Gourm    .   (no shield)
rNeg     . . .     Faith    .   b - +2 leather armour
rPois    .         Spirit   .   (helmet restricted)
rElec    .         Reflect  .   (no cloak)
rCorr    .         Harm     .   (no gloves)
MR       .....                  (no boots)
Stlth    ++........             (no amulet)
HPRegen  0.08/turn              (no ring)
MPRegen  0.08/turn              (no ring)

@: agile
A: horns 1
a: Renounce Religion


You were on level 1 of the Dungeon.
You worshipped Xom.
You were a special plaything of Xom.
You were not hungry.

You visited 1 branch of the dungeon, and saw 1 of its levels.

You collected 63 gold pieces.

Inventory:

Hand Weapons
 a - a +0 hand axe of chaos
 m - a +0 dagger (weapon)
Armour
 b - a +2 leather armour (worn)
Scrolls
 c - a scroll of fog {unknown}
 e - a scroll of noise {unknown}
 g - 2 scrolls of amnesia {unknown}
 h - a scroll of enchant weapon {unknown}
 j - a scroll of teleportation {unknown}
 k - 2 scrolls of identify {unknown}
 l - a scroll of remove curse {unknown}
Potions
 f - a potion of berserk rage {unknown}
 i - a potion of resistance {unknown}
Comestibles
 z - 3 rations


   Skills:
 + Level 3.2 Fighting
 + Level 3.0 Axes
 + Level 2.2 Armour
 + Level 1.4 Dodging


You had one spell level left.
You didn't know any spells.
Your spell library was empty.

Dungeon Overview and Level Annotations

Branches:
Dungeon (1/15)

Altars:


Innate Abilities, Weirdness & Mutations

You have a pair of small horns on your head.


Message History

You headbutt the river rat, but do no damage.
The river rat is severely wounded.
The river rat completely misses you.
You hit the river rat.
The river rat is severely wounded.
The river rat barely misses you.
You hit the river rat but do no damage.
You headbutt the river rat, but do no damage.
The river rat is severely wounded.
The river rat bites you.
* * * LOW HITPOINT WARNING * * *
You take 1 damage, and have 3/24 hp.
You hit the river rat but do no damage. Your headbutt misses the river rat.
The river rat is severely wounded.
The river rat barely misses you.
You barely miss the river rat.
The river rat is severely wounded.
The river rat bites you.
You die... "Huh?
Did I miss anything?"

######....####
#.# .....#....#
#.# ####)#....#
#.# #.'....#
####.# ###....#
#....# #....#
#.####
#############.#
#.....#.#
#.#.r@..#
#.##### #. #.
.. ##


You could see a river rat.

Vanquished Creatures
  2 dart slugs (D:1)
  A leopard gecko (D:1)
  A ball python (D:1)
  5 goblins (D:1)
  A hobgoblin (D:1)
  2 bats (D:1)
  2 frilled lizards (D:1)
  4 kobolds (D:1)
  3 rats (D:1)
21 creatures vanquished.

Notes
Turn   | Place    | Note
-------+----------+-------------------------------------------
     0 | D:1      | Redear the Demonspawn Chaos Knight began the quest for the
                  | Orb.
     0 | D:1      | Reached XP level 1. HP: 18/18 MP: 1/1
    48 | D:1      | Reached skill level 1 in Dodging
    94 | D:1      | Reached skill level 2 in Armour
    94 | D:1      | Gained mutation: You have a pair of small horns on your
                  | head. [demonic ancestry]
    94 | D:1      | Reached XP level 2. HP: 23/24 MP: 2/2
   415 | D:1      | XOM: divination: detect creatures
   447 | D:1      | XOM: harmless Summ miscast
   480 | D:1      | Reached skill level 3 in Axes
   616 | D:1      | XOM: polymorph ball python -> river rat
   624 | D:1      | XOM: confusion
   638 | D:1      | Slain by a river rat

Levels and vault maps discovered:
D:1:      shiori_arrival_maze, layout_basic

Skill      XL: |  1  2 |
---------------+-------+-----
Dodging        | 1 |  1.4
Armour         | 2 |  2.2
Axes           | 3 |  3.0
Fighting       | |  3.2

Action                   || total
-------------------------++-------
Melee: Hand axe          ||    52
       Dagger            ||    22
       Headbutt          ||     6
  Use: Potion            ||     1
Armor: Leather armour    ||    32
Dodge: Dodged            ||    53

Table legend:
 A = Non-vault XP
 B = Vault XP
 C = Vault XP percentage of total XP
 D = Non-vault monster count
 E = Vault monster count
 F = Vault count percentage of total count
                 A         B        C        D         E       F
            +---------+---------+-------+---------+---------+-------
      Total |      32 |       3 |   8.6 |      19 |       2 |   9.5
            +---------+---------+-------+---------+---------+-------
        D:1 |      32 |       3 |   8.6 |      19 |       2 |   9.5
            +---------+---------+-------+---------+---------+-------
